Semilg, neutral female human Valkyrie -------- ...B...| |..?@h.| |..d...+ |......| -------- Semilg the Skirmisher Experience level: 3 Strength: 15 Dexterity: 16 Constitution: 18 Intelligence: 8 Wisdom: 10 Charisma: 8 Health: 0(31) Energy: 7(7) Def: 15 Gold: 302 Moves: 1837 Dungeon seed: zfY7GyIoxLfNNNb7 Game ID: Semilg_1553450673 Your Inventory: Coins $ - 302 gold pieces Weapons a - 3 uncursed +2 spears (in quiver) b - 4 uncursed +0 daggers Armor e - an uncursed +3 small shield (being worn) n - an uncursed +0 orcish helm (being worn) q - an uncursed +0 plate mail (being worn) Comestibles o - 4 uncursed food rations z - a cursed tin of spinach Scrolls g - an uncursed scroll of enchant armor h - an uncursed scroll of identify i - a blessed scroll of blank paper k - an uncursed scroll of light l - a blessed scroll of fire Spellbooks j - an uncursed spellbook of detect monsters Potions s - a blessed potion of sleeping t - an uncursed potion of booze Wands c - an uncursed wand of cold (0:4) Tools f - an uncursed oil lamp (0:1389) m - an uncursed magic lamp r - an uncursed sack Spells and supernatural/magical abilities: Name Level Category Fail Memory W - pray for help -- divine ? -- Your skills at the end: Miscellaneous Skills shield [Basic] wands [Basic] Weapon Skills dagger [Basic] spear [Basic] Spellcasting Skills Final Attributes: You were devoutly aligned. You were cold resistant. You could fly. You are dead. Vanquished creatures: a paper golem a hobbit 2 acid blobs a gecko a giant rat a cave spider 2 gnomes 2 manes 3 jackals a kobold 7 newts a goblin 2 sewer rats 5 grid bugs 2 bats 4 lichens 3 kobold zombies 39 creatures vanquished. Voluntary challenges: You followed a strict vegan diet. You did not adorn yourself with jewelry or accessories. You did not cause conflict. You were not invisible. You did not have reflection. You were not displaced. You were an atheist. You never hit with a wielded weapon. You did not use tools. You did not use plumbed fixtures. You did not drink any magical draughts. You were illiterate. You never genocided any monsters. You never polymorphed an object. You never changed form. You used no wishes. You never split a pudding. You never wrote Elbereth's name. You never violated your personal moral code. Dungeon overview: The Dungeons of Doom: levels 1 to 5 Level 1 some fountains a long staircase Level 2 an altar to Loki Level 3 a fountain Level 4 some fountains stairs to The Gnomish Mines Level 5 <- You were here The Gnomish Mines: Level 5 stairs to The Dungeons of Doom History has recorded: On T:1 you entered the Dungeons of Doom to retrieve the Amulet of Yendor! On T:109 you reached level 2 of The Dungeons of Doom. On T:552 you reached level 3 of The Dungeons of Doom. On T:683 you advanced to experience level 2. On T:923 you reached level 4 of The Dungeons of Doom. On T:962 you advanced to experience level 3. On T:1355 you reached level 5 of The Dungeons of Doom. On T:1559 you reached level 1 of The Gnomish Mines. Score breakdown: Gold: 302 ( 30 points) Experience: 3 levels ( 200 points) Exploration: 5 levels ( 120 points) Discoveries: 10 items ( 500 points) Variety of kills: 17 monsters ( 850 points) Major goal: (nothing yet) ( 0 points) Survival: died (score multiplied by 3) Total score: 5100 Latest messages: You miss the giant bat. @ ªPþ bites the paper golem. The paper golem claws @ ªPþ. The giant bat misses. The paper golem claws you! The giant bat bites! You miss the giant bat. @ ªPþ misses the paper golem. The giant bat bites! The paper golem misses. The hobbit thrusts her dagger at you. The hobbit stabs you! @ ªPþ misses the paper golem. The giant bat misses. @ ªPþ bites the paper golem. The paper golem is destroyed! The giant bat bites! The hobbit thrusts her dagger at you. The hobbit stabs you! You die... The sack is empty. The sack is empty. Final status: Farvel Semilg the Valkyrie, killed by a hobbit... You died in The Dungeons of Doom on dungeon level 5 with 5100 points, and 302 pieces of gold, after 1837 moves. You were level 3 with a maximum of 31 hit points when you died.